 Dungeon Crawl Stone Soup version 0.30-b1-2-g02819fbbbe (webtiles) character file.

Game seed: 17906165203329019813

259 protoss039 the Digger (level 5, -2/40 HPs)
             Began as a Demonspawn Earth Elementalist on July 4, 2023.
             Succumbed to Duvessa's poison
             ... on level 3 of the Dungeon.
             The game lasted 00:07:40 (3651 turns).

protoss039 the Digger (DsEE)                        Turns: 3651, Time: 00:07:41

Health: -2/40      AC: 13    Str:  9    XL:     5   Next: 95%
Magic:  2/10       EV: 12    Int: 18    God:
Gold:   146        SH:  0    Dex: 13    Spells: 4/10 levels left

rFire   . . .        c - +0 dagger
rCold   . . .        (no shield)
rNeg    . . .        a - +0 robe
rPois   .            m - +0 helmet
rElec   .            i - +0 cloak
rCorr   .            (no gloves)
SInv    .            (no boots)
Will    .....        (no amulet)
Stlth   ++           (no ring)
HPRegen 0.26/turn    (no ring)
MPRegen 0.12/turn

%: no passive effects
@: lethally poisoned (-2 -> -18), weak-willed, sanguine armoured
A: sanguine armour 2, weakness stinger 2
a: no special abilities


You were on level 3 of the Dungeon.
You visited 2 branches of the dungeon, and saw 6 of its levels.

You collected 146 gold pieces.

Inventory:

Hand Weapons
 c - a +0 dagger (weapon)
Armour
 a - a +0 robe (worn)
 b - a scarf of shadows
 i - a +0 cloak (worn)
 m - a +0 helmet (worn)
Scrolls
 d - 2 scrolls of teleportation
 f - a scroll of identify
 g - a scroll of noise {unknown}
 n - a scroll of silence {unknown}
 o - a scroll of poison {unknown}
 q - a scroll of enchant armour {unknown}
 s - a scroll of fog {unknown}
Potions
 e - a potion of curing {unknown}
 h - 2 potions of heal wounds {unknown}
 j - 2 potions of attraction {unknown}
 k - a potion of magic
 p - a potion of ambrosia {unknown}
 r - a potion of degeneration {unknown}
 t - a potion of resistance {unknown}


   Skills:
 + Level 2.8 Fighting
 + Level 1.3 Armour
 - Level 1.7 Dodging
 - Level 1.7 Stealth
 + Level 3.3 Spellcasting
 + Level 1.3 Conjurations
 - Level 1.0 Transmutations
 + Level 3.9 Earth Magic


You had 4 spell levels left.
You knew the following spells:

 Your Spells              Type           Power      Damage    Failure   Level
a - Sandblast             Erth           34%        2d9       3%          1
b - Passwall              Tmut/Erth      9%         N/A       9%          2
c - Stone Arrow           Conj/Erth      24%        3d8       16%         3

Your spell library contained the following spells:

 Spells                   Type           Power      Damage    Failure   Level
 Petrify                  Tmut/Erth      11%        N/A       50%         4


Dungeon Overview and Level Annotations

Branches:
Dungeon (5/15) Zot: 26519  Temple (1/1) D:4 Zot: 5762

Altars:
Cheibriados
Dithmenos
Fedhas
Gozag
Hepliaklqana
Kikubaaqudgha
Makhleb
Qazlal
Trog
Uskayaw
Xom

Annotations:
D:4 Dowan, Duvessa


Innate Abilities, Weirdness & Mutations

When seriously injured, your blood forms thick armour. (AC +9)
You have a tail ending in a sharp stinger.


Message History

Aiming: Sandblast (safe; 3% risk of failure)
Press: ? - help, Shift-Dir - straight line, f/p - Duvessa
Aim: Duvessa, wielding a +2 rapier of venom and wearing a +0 leather armour (moderately wounded, 84% to hit)
The blast of sand hits Duvessa.
Duvessa is moderately wounded.
Unknown command.
Casting: Sandblast (safe; 3% risk of failure)
Confirm with . or Enter, or press ? or * to list all spells.
Aiming: Sandblast (safe; 3% risk of failure)
Press: ? - help, Shift-Dir - straight line, f/p - Duvessa
Aim: Duvessa, wielding a +2 rapier of venom and wearing a +0 leather armour (moderately wounded, 84% to hit)
The blast of sand hits Duvessa.
Duvessa is heavily wounded.
Dowan gestures at you while chanting. The puff of frost hits you.
Duvessa hits you with a +2 rapier of venom.
Okay, then.
Okay, then.
Dowan gestures wildly while chanting.
Dowan blinks!
Duvessa misses you.
Your magical contamination has completely faded away.
Duvessa attacks as you move away!
Duvessa hits you with a +2 rapier of venom!
You are poisoned.
Your blood congeals into armour.
You feel very sick.
You feel very sick. Duvessa attacks as you move away!
Duvessa hits you with a +2 rapier of venom!
You are lethally poisoned!
* * * LOW HITPOINT WARNING * * *
You feel very sick.
There is a stone staircase leading up here.
You see here 2 scrolls of vulnerability.
Unknown command.
* * * LOW HITPOINT WARNING * * *
You feel very sick. Duvessa closely misses you.
You climb upwards.
You die...

.##.###....# #.#.#
#..## .##.# #....#
#.#.# #..# .#♣.♣##....#
#.#.# #.## .#P.P##....#
#.#.# ##.# .#♣.♣##.####
#.#.# #..# .#P.P##.#
#.#.###..#
.#♣.♣##.######........#
.#P.P##.#.........###.#
.#8.8##.#.#.....@.# #.#
.#P.P#....#.......# #.#
##♣.♣##...........# #.#
#P.P##..######.#.# #.#
#♣.♣##....####.#.# #.#
##P.P##......##.#.# #.#
.#♣.♣##...##.##.#.###.#
###.# #...##.##.#.#...#
##.# #...##.##.#.#.#.#


There were no monsters in sight!

Vanquished Creatures
  Natasha (twice) (D:3)
  Robin (D:2)
  8 adders
  3 gnolls (D:5)
  A dart slug (D:3)
  An orc (D:3)
  4 bats
  13 endoplasms
  6 giant cockroaches
  13 goblins
  15 hobgoblins
  4 quokkas
  3 ball pythons
  3 frilled lizards
  6 kobolds
  3 rats
86 creatures vanquished.

Notes
Turn   | Place    | Note
-------+----------+-------------------------------------------
     0 | D:1      | protoss039 the Demonspawn Earth Elementalist began the
                  | quest for the Orb.
     0 | D:1      | Reached XP level 1. HP: 13/13 MP: 3/3
   129 | D:1      | Gained mutation: When seriously injured, your blood forms
                  | armour. (AC +9) [demonic ancestry]
   129 | D:1      | Reached XP level 2. HP: 20/20 MP: 3/5
   275 | D:1      | Reached skill level 1 in Fighting
   673 | D:1      | Gained mutation: When seriously injured, your blood forms
                  | thick armour. (AC +9) [demonic ancestry]
   673 | D:1      | Reached XP level 3. HP: 22/26 MP: 0/6
  1296 | D:2      | Noticed Robin
  1299 | D:2      | Gained mutation: You have a small tail. [demonic ancestry]
  1299 | D:2      | Reached XP level 4. HP: 29/33 MP: 6/8
  1725 | D:2      | Found a faded altar of an unknown god.
  2067 | D:2      | Learned a level 2 spell: Passwall
  2071 | D:2      | Learned a level 3 spell: Stone Arrow
  2186 | D:2      | Killed Robin
  2359 | D:3      | Reached skill level 1 in Transmutations
  2724 | D:3      | Noticed Natasha
  2728 | D:3      | Killed Natasha
  2729 | D:3      | Gained mutation: You have a tail ending in a sharp stinger.
                  | [demonic ancestry]
  2729 | D:3      | Reached XP level 5. HP: 39/39 MP: 5/9
  2792 | D:3      | You fall into a shaft and drop 2 floors!
  2792 | D:5      | Entered Level 5 of the Dungeon
  2897 | D:5      | Noticed an ogre
  2907 | D:5      | Reached skill level 1 in Armour
  2909 | D:5      | Reached skill level 1 in Conjurations
  2950 | D:4      | Noticed Duvessa
  2950 | D:4      | Found a staircase to the Ecumenical Temple.
  2956 | D:4      | Noticed Dowan
  2960 | Temple   | Entered the Ecumenical Temple
  3538 | D:3      | Noticed Natasha
  3542 | D:3      | Killed Natasha
  3651 | D:3      | Succumbed to Duvessa's poison

Illustrated notes

Levels and vault maps discovered:
D:1:      roderic_dead_forest, layout_basic
D:2:      layout_loops_ring, hellmonk_ecumenical_altar_prayer_group, uniq_robin
D:3:      layout_basic, dreamdust_princess_corridor, uniq_natasha
D:4:      cheibrodos_barr_body, layout_cave_pools, okawaru_metal_pillars_1_2,
          grunt_temple_overflow_open, minmay_temple_entry_tees, uniq_duvessa,
          uniq_grinder
D:5:      layout_cave_pools, mainiacjoe_overflow_chevrons, portal_sewer_entry_b,
          chequers_hall_statues_wall_a, st_stairs_6, minmay_misc_feat_tiny
Temple:   oiseaux_autumnal_temple

Skill      XL: |  1  2  3  4  5 |
---------------+----------------+-----
Fighting       | 1 2 |  2.8
Earth Magic    | 3 |  3.9
Spellcasting   | 3 |  3.3
Transmutations | 1 |  1.0
Armour         | 1 |  1.3
Conjurations   | 1 |  1.3
Dodging        | |  1.7
Stealth        | |  1.7

Action                     |  1- 3 |  4- 6 || total
---------------------------+-------+-------++-------
  Melee: Unarmed           |     6 |       ||     6
         Dagger            |    95 |     6 ||   101
         Punch             |     1 |       ||     1
         Tailslap          |       |     1 ||     1
   Cast: Sandblast         |    30 |    72 ||   102
         Stone Arrow       |       |     1 ||     1
    Use: Potion            |     1 |     1 ||     2
         Scroll            |       |     2 ||     2
   Stab: Sleeping          |     5 |     1 ||     6
 Armour: Robe              |    36 |    22 ||    58
  Dodge: Dodged            |    92 |    37 ||   129
